 Dungeon Crawl Stone Soup version 0.32-a0-42-ga30500b4d3 (webtiles) character file.

Game seed: 12301750657747262474

521 Ceno the Shooter (level 7, 0/48 HPs)
             Began as a Barachi Hexslinger on Feb 2, 2024.
             Killed by nerve-wracking pain
             ... invoked by an orc priest
              (14 damage)
             ... on level 3 of the Dungeon.
             The game lasted 00:12:52 (3388 turns).

Ceno the Shooter (Barachi Hexslinger)               Turns: 3388, Time: 00:12:52

Health: 0/48       AC:  4    Str: 10    XL:     7   Next: 21%
Magic:  16/17      EV: 12    Int: 15    God:
Gold:   110        SH:  0    Dex: 14    Spells: 3/8 levels left

rFire   . . .        a - +1 sling
rCold   . . .        (no shield)
rNeg    . . .        d - +0 leather armour
rPois   .            q - +0 helmet
rElec   .            (no cloak)
rCorr   .            (no gloves)
SInv    .            (no boots)
Will    .....        (no amulet)
Stlth   ++           f - ring of magical power
HPRegen 0.28/turn    (no ring)
MPRegen 0.15/turn

%: no passive effects
@: weak-willed, slow
A: amphibious, slowness 1, strong legs 1, +LOS
a: Hop


You were on level 3 of the Dungeon.
You visited 1 branch of the dungeon, and saw 4 of its levels.

You collected 110 gold pieces.

Inventory:

Hand Weapons
 a - a +1 sling (weapon)
Missiles
 p - 4 stones (quivered)
Armour
 d - a +0 leather armour (worn)
 q - a +0 helmet (worn)
Jewellery
 e - an amulet of faith
 f - a ring of magical power (left hand)
Scrolls
 b - a scroll of poison
 h - 3 scrolls of fog {unknown}
 j - 3 scrolls of fear {unknown}
 k - a scroll of amnesia {unknown}
 l - 2 scrolls of noise {unknown}
 m - a scroll of teleportation {unknown}
 o - a scroll of torment {unknown}
Potions
 c - 3 potions of lignification
 g - a potion of mutation
 i - a potion of heal wounds
 n - a potion of curing
 r - a potion of cancellation {unknown}


   Skills:
 - Level 1.2 Fighting
 * Level 5.5 Ranged Weapons
 - Level 2.1 Dodging
 + Level 3.4 Stealth
 - Level 1.1 Spellcasting
 + Level 5.2 Hexes
 - Level 1.1 Fire Magic


You had 3 spell levels left.
You knew the following spells:

 Your Spells              Type           Power      Damage    Failure   Level
a - Jinxbite              Hex            32%        N/A       6%          2
b - Inner Flame           Hex/Fire       10%        N/A       26%         3

Your spell library contained the following spells:

 Spells                   Type           Power      Damage    Failure   Level
 Sigil of Binding         Hex            16%        N/A       12%         3
 Cause Fear               Hex            8%         N/A       36%         4
 Dimensional Bullseye     Hex/Tloc       4%         N/A       75%         4


Dungeon Overview and Level Annotations

Branches:
Dungeon (4/15)
 Temple: D:4-7

Altars:
Ashenzari
Sif Muna
Trog

Shops:
D:3 *


Innate Abilities, Weirdness & Mutations

You are amphibious.
You cover ground slowly.
You can hop short distances.
You have an extended range of vision and can be seen from far away.


Message History

Press: ? - help, Q - select action, (/) - cycle Shift-Dir - straight line, f/p - orc priest
Aim: an orc priest, wielding a +0 whip of flaming and wearing a +0 scale mail (moderately wounded, heavily drained, chance to call a sprite on attack: 62%, 58% to hit)
You throw a stone. The stone barely misses the orc priest.
A giggling sprite leaps out and bonks the orc priest with its +0 whip of flaming.
The orc priest is heavily wounded.
The jinxing sprites lose interest in you.
The orc priest invokes the aid of Beogh against you.
Pain shoots through your body!
The orc priest mumbles some strange prayers to Beogh against you.
Pain shoots through your body!
You climb upwards.
There is a stone staircase leading down, spattered with blood here.
Things that are here:
a +0 leather armour; a +0 club; an orc skeleton You are too injured to fight recklessly!
Fire: a) +1 sling
Press: ? - help, Shift-Dir - straight line, f - orc priest
Aim: an orc priest, wielding a +0 whip of flaming and wearing a +0 scale mail (heavily wounded, heavily drained, 63% to hit)
You shoot a sling bullet.
The sling bullet closely misses the orc priest.
The orc priest hits you but does no damage.
Fire: a) +1 sling
Press: ? - help, Shift-Dir - straight line, f/p - orc priest
Aim: an orc priest, wielding a +0 whip of flaming and wearing a +0 scale mail (heavily wounded, heavily drained, 63% to hit)
You shoot a sling bullet. The sling bullet hits the orc priest.
The orc priest is severely wounded.
The orc priest hits you with a +0 whip of flaming.
* * * LOW HITPOINT WARNING * * *
The orc priest burns you.
* * * LOW HITPOINT WARNING * * *
Fire: a) +1 sling
Press: ? - help, Shift-Dir - straight line, f/p - orc priest
Aim: an orc priest, wielding a +0 whip of flaming and wearing a +0 scale mail (severely wounded, heavily drained, 63% to hit)
You shoot a sling bullet.
The sling bullet hits the orc priest but does no damage.
The orc priest is severely wounded.
The orc priest seems less drained.
The orc priest invokes the aid of Beogh against you.
Pain shoots through your body!
You die...

######### ##.......# #.....##.#
#..##.##.########################
#.....##.........##..............
#.###.##.#######.##..............
..# #.##.# #.##..............
.(######.#######)##..............
...............o@................
..##############.##..............
..### #.##.............. ....#
##### ##'##......).......
..#####...# #...#####..........
......#...# #...# #..########
..###.#...# #...# #..#
..#.#.#...# ##'######..#
..#.#.#.### #.........#


You could see an orc priest.

Vanquished Creatures
  Sigmund (D:2)
  An ogre (D:3)
  A howler monkey (D:3)
  A jelly (D:4)
  An iguana (D:4)
  An orc wizard (D:4)
  8 adders
  2 ribbon worms
  3 dart slugs
  3 orcs
  4 ball pythons
  6 bats
  4 endoplasms
  3 giant cockroaches
  11 hobgoblins
  8 kobolds
  4 quokkas
  3 frilled lizards
  5 goblins
  6 rats
76 creatures vanquished.

Notes
Turn   | Place    | Note
-------+----------+-------------------------------------------
     0 | D:1      | Ceno the Barachi Hexslinger began the quest for the Orb.
     0 | D:1      | Reached XP level 1. HP: 15/15 MP: 2/2
    87 | D:1      | Reached XP level 2. HP: 21/21 MP: 3/3
   709 | D:1      | Reached skill level 1 in Stealth
  1029 | D:2      | Learned a level 2 spell: Jinxbite
  1033 | D:2      | Reached XP level 3. HP: 26/26 MP: 4/4
  1227 | D:2      | Noticed Sigmund
  1398 | D:2      | Reached XP level 4. HP: 17/32 MP: 5/5
  1706 | D:2      | Found a shimmering blue altar of Sif Muna.
  1756 | D:2      | Killed Sigmund
  1757 | D:2      | Reached XP level 5. HP: 26/37 MP: 6/6
  1757 | D:2      | Reached XP level 6. HP: 31/43 MP: 7/7
  2019 | D:3      | Found a broken altar of Ashenzari.
  2069 | D:3      | Found a bloodstained altar of Trog.
  2529 | D:3      | Found Nakaemya's Assorted Antiques.
  2912 | D:3      | Reached skill level 5 in Ranged Weapons
  2937 | D:3      | Reached skill level 5 in Hexes
  3032 | D:4      | Reached XP level 7. HP: 48/48 MP: 8/8
  3240 | D:4      | Identified the +9 dagger of the Endless Ghosts {heavy, rC+}
  3267 | D:4      | Learned a level 3 spell: Inner Flame
  3388 | D:3      | Killed from afar by an orc priest

Illustrated notes

Levels and vault maps discovered:
D:1:      psy_arrival_radial01, layout_basic, corexii_item_surrounded_by_moat,
          minmay_door_square
D:2:      layout_loops_cross, basic_altar, uniq_sigmund
D:3:      layout_basic, mainiacjoe_overflow_boulevard,
          mainiacjoe_overflow_surrounded_room, serial_shops, shop
D:4:      layout_rooms, nicolae_overflow_crystal_walls

Skill      XL: |  1  2  3  4  5  6 |
---------------+-------------------+-----
Stealth        | 1 2 3 |  3.4
Ranged Weapons | 3 4 5 |  5.5
Hexes          | 4 5 |  5.2
Fighting       | |  1.2
Dodging        | |  2.1
Spellcasting   | |  1.1
Fire Magic     | |  1.1

Action                     |  1- 3 |  4- 6 |  7- 9 || total
---------------------------+-------+-------+-------++-------
  Melee: Sling             |       |     1 |     2 ||     3
   Fire: Sling             |    90 |   140 |    31 ||   261
  Throw: Stone             |       |     3 |     4 ||     7
   Cast: Jinxbite          |     2 |     9 |     4 ||    15
Ability: Hop               |     5 |     7 |     2 ||    14
    Use: Scroll            |       |     4 |       ||     4
         Potion            |       |     1 |       ||     1
 Armour: Leather armour    |    28 |    36 |    20 ||    84
         Robe              |     1 |       |       ||     1
  Dodge: Dodged            |    26 |    47 |    11 ||    84

Table legend: (Time is in decaauts)
 A = Elapsed time spent in this place.
 B = Non-inter-level travel time spent in this place.
 C = Inter-level travel time spent in this place.
 D = Time resting spent in this place.
 E = Time spent auto-exploring this place.
 F = Levels seen in this place.
 G = Mean time per level.
                   A        B        C        D        E       F      G
               +--------+--------+--------+--------+--------+-----+--------+
         Total |   3940 |   3792 |    148 |    362 |   2332 |   4 |  985.0 |
       Dungeon |   3940 |   3792 |    148 |    362 |   2332 |   4 |  985.0 |
               +--------+--------+--------+--------+--------+-----+--------+

Top non-repeatable levels by time:
     D:3: 1254 daAuts
     D:1: 1195 daAuts
     D:2: 1093 daAuts
     D:4: 396 daAuts
